Map: Orbital Shipyard

Players

WillyStrike

  • Race: Zerg Zerg
  • League: Master

LilDicky - Winner!

  • Race: Terran Terran
  • League: Diamond

VOD

http://www.twitch.tv/tumescentpie

Description

Time

  • Played on: Dec. 31, 2015, 2:28 p.m.
  • Length: 14:28
Show
View Real Time Build Order
Export as new Build Order

WillyStrike Zerg 

Build Orders: Hatch First 

Get SALT Encoding   

  12  0:01  Drone  
  13  0:08  Drone  
  14  0:16  Overlord  
  14  0:22  Extractor  
  14  0:23  Drone  
  14  0:35  Drone x2  
  17  0:46  Drone  
  18  0:57  Hatchery  
  18  0:59  Drone  
  18  1:12  Spawning Pool  
  18  1:17  Drone  
  18  1:20  Extractor  
  18  1:21  Drone  
  18  1:27  Drone  
  19  1:37  Overlord  
  19  1:49  Drone  
  20  1:58  Queen  
  22  2:01  Drone  
  23  2:10  Drone x2  
  23  2:15  Queen  
  27  2:27  Metabolic Boost  
  27  2:30  Hatchery  
  26  2:39  Drone x3  
  26  2:40  Drone  
  30  2:44  Zergling x2  
  30  2:45  Zergling x2  
  32  2:56  Zergling x2  
  34  2:58  Drone, Extractor  
  34  3:04  Drone x2  
  35  3:09  Overlord  
  35  3:12  Zergling x2  
  36  3:25  Overlord  
  36  3:27  Queen  
  36  3:29  Drone  
  36  3:30  Drone x2  
  36  3:31  Drone x2  
  43  3:34  Overlord  
  43  3:48  Queen  
  43  3:50  Drone x2  
  43  3:51  Queen  
  43  3:53  Drone  
  50  3:58  Drone  
  51  4:03  Drone x2  
  51  4:04  Drone x2  
  51  4:05  Drone  
  51  4:06  Drone  
  51  4:09  Drone  
  58  4:11  Drone  
  58  4:12  Drone  
  58  4:16  Overlord  
  60  4:25  Baneling Nest  
  59  4:31  Drone  
  59  4:34  Drone  
  59  4:35  Drone x2  
  59  4:36  Drone, Extractor  
  59  4:38  Extractor  
  62  4:40  Evolution Chamber  
  62  4:43  Evolution Chamber  
  62  4:45  Lair  
  60  4:46  Drone x4  
  60  4:48  Drone x2  
  66  4:56  Drone x2  
  68  5:03  Overlord  
  68  5:04  Overlord x3  
  68  5:14  Drone x2  
  70  5:15  Drone x2  
  70  5:16  Drone  
  70  5:18  Zerg Ground Armor Level 1  
  70  5:19  Zerg Melee Weapons Level 1  
  73  5:29  Zergling x4  
  73  5:35  Baneling x3  
  75  5:38  Burrow  
  75  5:39  Drone x2  
  77  5:44  Extractor  
  77  5:46  Extractor  
  75  5:53  Zergling x6  
  75  5:54  Overlord  
  75  5:55  Overlord x3  
  75  5:56  Centrifical Hooks  
  78  5:59  Zergling x6  
  78  6:01  Infestation Pit  
  78  6:02  Zergling x4  
  82  6:12  Drone x3  
  82  6:14  Zergling x6  
  82  6:15  Zergling x4  
  90  6:22  Baneling  
  90  6:23  Baneling x7  
  90  6:24  Baneling  
  90  6:28  Zergling x6  
  90  6:29  Zergling x6  
  78  6:43  Zergling x2  
  78  6:44  Zergling x12  
  82  6:47  Baneling x3  
  82  6:48  Baneling x2  
  82  6:50  Zergling x4  
  83  6:58  Zergling x2  
  83  6:59  Zergling x2  
  80  7:04  Zergling x4  
  70  7:09  Zergling x4  
  70  7:10  Zergling x4  
  70  7:12  Hive  
  70  7:13  Zergling x2  
  61  7:23  Zergling x6  
  61  7:29  Zergling x4  
  56  7:30  Zergling x16  
  56  7:36  Queen  
  59  7:38  Zergling x2  
  59  7:39  Zergling x2  
  59  7:41  Overseer  
  59  7:42  Baneling x3  
  59  7:43  Baneling  
  59  7:46  Zergling x4  
  55  7:53  Baneling x4  
  55  7:54  Zergling x4  
  50  8:06  Zergling x6  
  50  8:12  Queen  
  51  8:15  Zergling x6  
  51  8:21  Zergling x4  
  53  8:27  Queen  
  53  8:28  Ultralisk Cavern  
  53  8:31  Baneling  
  53  8:32  Baneling  
  53  8:33  Zergling x4  
  56  8:34  Baneling x2  
  56  8:35  Baneling x3  
  56  8:36  Baneling  
  56  8:37  Zergling x4, Baneling  
  56  8:39  Baneling x3  
  56  8:40  Zergling x2, Baneling  
  59  8:47  Spore Crawler x2  
  57  8:52  Drone x2  
  57  8:53  Drone x3  
  62  9:03  Baneling  
  62  9:04  Baneling  
  62  9:08  Baneling x2  
  47  9:25  Zergling x10  
  47  9:29  Zergling x2  
  47  9:30  Zergling x20  
  60  9:32  Zergling x2  
  57  9:42  Zergling x6  
  57  9:45  Zergling x4  
  58  9:47  Chitinous Plating  
  58  9:51  Ultralisk  
  59  10:00  Zergling x4  
  59  10:03  Zergling x2  
  59  10:04  Zergling x2  
  54  10:23  Spore Crawler  
  54  10:27  Spore Crawler  
  50  10:32  Drone  
  51  10:38  Drone x2  
  51  10:39  Hatchery, Drone  
  51  10:40  Ultralisk  
  53  10:51  Drone x2  
  53  10:55  Zergling x6  
  58  10:57  Queen  
  60  11:06  Zerg Melee Weapons Level 2  
  60  11:09  Zerg Ground Armor Level 2  
  60  11:27  Zergling x6  
  60  11:32  Zergling x4  
  59  11:33  Zergling x6  
  62  11:46  Drone x2  
  64  11:48  Drone x3  
  64  11:52  Drone x2  
  64  11:53  Queen  
  71  12:02  Drone x2  
  73  12:08  Baneling x3  
  73  12:09  Baneling x3  
  73  12:10  Baneling  
  72  12:16  Ultralisk  
  78  12:30  Queen x2  
  74  12:49  Zergling x8  
  65  12:54  Zergling x6  
  65  12:55  Zergling x16  
  58  13:25  Zergling x16  
  58  13:26  Zergling x2  
  58  13:28  Baneling  
  58  13:29  Baneling x2  
  53  13:42  Zergling x4  
  54  14:01  Zergling x10  
  49  14:03  Zergling x2  
  49  14:04  Zergling x2  
  49  14:05  Zergling x2  
Show
View Real Time Build Order
Export as new Build Order

LilDicky Terran - Winner!

Build Orders: Command Center First (CC), MMM Bio 

Get SALT Encoding   

  12  0:01  SCV  
  13  0:14  SCV  
  14  0:18  Supply Depot  
  14  0:26  SCV  
  15  0:40  SCV  
  16  0:52  SCV  
  17  1:01  Command Center  
  17  1:12  Barracks  
  17  1:15  SCV  
  18  1:26  Refinery  
  18  1:27  SCV  
  19  1:39  SCV  
  20  1:52  SCV  
  21  2:00  Supply Depot, Marine  
  22  2:05  Orbital Command  
  22  2:10  Barracks  
  22  2:14  Barracks  
  22  2:24  Orbital Command  
  22  2:36  Supply Depot  
  22  2:38  Barracks Reactor  
  22  2:42  Refinery  
  22  2:43  SCV  
  24  2:51  SCV  
  24  2:57  SCV  
  25  2:59  Barracks Tech Lab  
  25  3:00  Barracks Tech Lab  
  25  3:03  SCV  
  26  3:09  SCV  
  27  3:15  SCV, Marine x2  
  27  3:18  Stimpack  
  30  3:20  Marine x2  
  30  3:25  Combat Shields  
  32  3:33  SCV x2, Marine x2  
  36  3:41  Barracks  
  36  3:43  Barracks  
  36  3:44  Marine  
  36  3:45  SCV, Marine  
  36  3:47  SCV  
  40  3:52  Marine  
  40  3:53  Marine  
  42  3:57  SCV  
  42  3:58  Factory  
  42  4:00  SCV  
  42  4:02  Marine  
  45  4:03  Marine  
  45  4:09  SCV  
  47  4:10  Marine  
  47  4:11  Marine  
  47  4:13  SCV  
  50  4:20  Marine  
  50  4:22  SCV, Supply Depot  
  50  4:23  Marine  
  53  4:24  Supply Depot  
  53  4:27  SCV  
  54  4:35  Barracks Reactor x2  
  54  4:43  Supply Depot, SCV x2, Marine x4  
  60  4:45  Starport  
  60  4:51  Supply Depot  
  60  4:55  Factory Reactor  
  60  4:57  SCV  
  61  5:01  Marine x4  
  65  5:11  Marine  
  65  5:12  Marine x3  
  65  5:14  SCV  
  70  5:17  Supply Depot  
  70  5:19  Marine x4  
  74  5:31  Supply Depot  
  74  5:33  Marine  
  74  5:34  Marine x3  
  78  5:36  Marine  
  78  5:39  Supply Depot, Medivac x2  
  83  5:57  Marine x7  
  83  5:58  Widow Mine, Marine  
  83  6:02  Command Center, SCV x2  
  95  6:14  SCV x2, Engineering Bay, Medivac  
  95  6:18  Medivac  
  101  6:19  Marine  
  102  6:26  Marine x2  
  102  6:27  Marine x3  
  102  6:29  Command Center  
  89  6:47  Marine x3  
  89  6:49  Medivac  
  88  7:11  Marine  
  88  7:12  Marine x6  
  88  7:13  Marauder  
  97  7:29  Marine  
  92  7:30  Marine x2  
  92  7:31  Marauder  
  92  7:33  Marine x2  
  92  7:34  Marauder, Marine  
  96  7:47  Marine  
  96  7:48  Marine x2  
  96  7:51  Marine x3  
  96  7:52  Marauder  
  96  7:56  Marauder  
  98  8:05  Marine x3  
  88  8:09  Marine x3  
  86  8:13  Marauder  
  86  8:17  Marauder  
  86  8:19  Orbital Command  
  86  8:22  Planetary Fortress  
  86  8:23  Marine x3  
  86  8:27  Marine x3  
  86  8:29  SCV x2  
  91  8:35  Marauder  
  91  8:38  Marauder  
  91  8:40  Terran Infantry Weapons Level 1, Marine, Medivac  
  98  8:44  SCV, Barracks  
  98  8:45  SCV x2, Barracks  
  101  8:49  Barracks x2  
  101  8:51  Missile Turret  
  101  8:54  Marine x3  
  101  8:55  Missile Turret  
  104  8:57  SCV x3, Missile Turret  
  89  9:41  Marine x3  
  91  9:50  Marine x3  
  91  9:51  Marauder  
  94  10:02  Marine  
  94  10:03  Marauder, Marine  
  85  10:13  Marine x2  
  85  10:14  Marine x3  
  85  10:15  Liberator x2  
  85  10:19  Marine x3  
  85  10:20  Marine x2  
  88  10:24  Marine  
  88  10:25  Marine  
  87  10:31  Marine x5  
  98  10:37  Barracks, Marine x3  
  98  10:38  Barracks, Marine x2  
  98  10:39  Barracks  
  98  10:40  Refinery, Barracks  
  98  10:41  Refinery  
  98  10:42  Marine x2  
  104  10:49  Marine x4  
  111  10:50  Marauder  
  111  10:52  Command Center  
  111  10:54  Marine x2  
  111  10:55  Marine  
  111  10:56  Marine x2  
  116  10:58  Command Center  
  116  11:00  Marauder, Marine  
  119  11:04  SCV  
  119  11:06  Marine  
  123  11:11  Marauder  
  123  11:22  Marauder  
  125  11:32  Liberator  
  119  11:33  Marauder  
  110  11:43  Marauder  
  103  11:47  Marine  
  103  11:48  Marine x9  
  118  11:54  Refinery, Marauder  
  118  11:56  Refinery  
  118  11:57  Command Center  
  118  12:04  Marauder  
  118  12:05  Marine  
  118  12:06  Marine x9  
  132  12:15  Marauder  
  132  12:23  Marine x5  
  132  12:26  Marauder  
  119  12:53  Marine  
  118  13:17  Marine  
  118  13:18  Marine x11  
  117  13:32  Armory  
  117  13:34  Orbital Command  
  117  13:35  Marine  
  117  13:36  Marauder x2, Marine x7  
  126  13:58  Marauder x2  
  120  14:03  Marine x3  
Tags
 
Add a new tag
Caveats
  • Supply blocks, unpowered buildings, or Contaminate may cause inaccurate times.
  • Supply counts are checked every 10 seconds.